TOP OF THE 1ST |
Rome Braves batting - Pitching for Los Angeles (NYP) Dodgers : LHP Cao-Ky Trieu
|
Pitching: LHP Cao-Ky Trieu
|
|
Batting: RHB Carlos Livas
|
0-0: Foul Ball, location: 2F 0-1: Called Strike 0-2: Fly out, F8 (Flyball, 8RD, EV 105.0 MPH)
|
Batting: RHB Dave Pizarro
|
0-0: Foul Ball, location: 2F 0-1: Ground out 6-3 (Groundball, 6, EV 88.8 MPH)
|
Batting: LHB Shigeru Ono
|
0-0: Ball 1-0: Ball 2-0: Ball 3-0: Called Strike 3-1: Foul Ball, location: 2F 3-2: Base on Balls
|
Batting: RHB Mike Velazquez
|
0-0: Called Strike 0-1: Foul Ball, location: 2F 0-2: Ball 1-2: Foul Ball, location: 2F 1-2: Ball 2-2: Ball 3-2: Foul Ball, location: 2F 3-2: Ground out 5-3 (Groundball, 5, EV 87.5 MPH)
|
Top of the 1st over - 0 runs, 0 hits, 0 errors, 1 left on base; Rome 0 - Los Angeles (NYP) 0 |
BOTTOM OF THE 1ST |
Los Angeles (NYP) Dodgers batting - Pitching for Rome Braves : RHP Tony Icamen
|
Pitching: RHP Tony Icamen
|
|
Batting: SHB Erick Hamburger
|
0-0: Called Strike 0-1: Foul Ball, location: 2F 0-2: Ball 1-2: Ball 2-2: Strikes out looking
|
Batting: RHB Chris Graham
|
0-0: Called Strike 0-1: Ball 1-1: Foul Ball, location: 2F 1-2: Foul Ball, location: 2F 1-2: SINGLE (Groundball, 6MD, EV 106.9 MPH)
|
Batting: LHB Conor Bailey
|
0-0: Called Strike 0-1: SINGLE (Groundball, 34D, EV 103.8 MPH) Chris Graham to second Runner from 2nd tries for 3rd, OUT! 9-5
|
Batting: LHB Randy Stapleton
|
0-0: Ball 1-0: Foul Ball, location: 2F 1-1: Called Strike 1-2: Ball 2-2: Strikes out swinging
|
Bottom of the 1st over - 0 runs, 2 hits, 0 errors, 1 left on base; Rome 0 - Los Angeles (NYP) 0 |
TOP OF THE 2ND |
Rome Braves batting - Pitching for Los Angeles (NYP) Dodgers : LHP Cao-Ky Trieu
|
Batting: RHB Manny Hensley
|
0-0: Foul Ball, location: 2F 0-1: Ball 1-1: Swinging Strike 1-2: Ball 2-2: Ball 3-2: TRIPLE (Flyball, 78XD, EV 103.1 MPH)
|
Batting: LHB Diego Garcia
|
0-0: Ball 1-0: Ground out 5-3 (Groundball, 5, EV 102.5 MPH)
|
Batting: RHB Yutaka Yamane
|
0-0: Ball 1-0: Foul Ball, location: 2F 1-1: Swinging Strike 1-2: Fly out, F8 (Flyball, 8RD, EV 99.4 MPH)
|
Batting: LHB Ivan Castillo
|
0-0: Ball 1-0: Foul Ball, location: 2F 1-1: Foul Ball, location: 2F 1-2: Ball 2-2: Strikes out looking
|
Top of the 2nd over - 0 runs, 1 hit, 0 errors, 1 left on base; Rome 0 - Los Angeles (NYP) 0 |
BOTTOM OF THE 2ND |
Los Angeles (NYP) Dodgers batting - Pitching for Rome Braves : RHP Tony Icamen
|
Batting: SHB Marcos Cortez
|
0-0: Ball 1-0: Called Strike 1-1: Ball 2-1: Called Strike 2-2: Ball 3-2: Foul Ball, location: 2F 3-2: Ground out 4-3 (Groundball, 4M, EV 88.1 MPH)
|
Batting: SHB Dave Reynoso
|
0-0: Swinging Strike 0-1: Fly out, F8 (Flyball, 8LD, EV 76.2 MPH)
|
Batting: RHB Geoff Musico
|
0-0: Ball 1-0: Called Strike 1-1: Foul Ball, location: 2F 1-2: Strikes out swinging
|
Bottom of the 2nd over - 0 runs, 0 hits, 0 errors, 0 left on base; Rome 0 - Los Angeles (NYP) 0 |
TOP OF THE 3RD |
Rome Braves batting - Pitching for Los Angeles (NYP) Dodgers : LHP Cao-Ky Trieu
|
Batting: RHB Rodolfo Cosme
|
0-0: Ball 1-0: Ball 2-0: Ball 3-0: Base on Balls
|
Batting: RHB Carlos Livas
|
0-0: Ground out 6-3 (Groundball, P, EV 88.8 MPH) Rodolfo Cosme to second
|
Batting: RHB Dave Pizarro
|
0-0: Called Strike 0-1: Ball 1-1: Ball 2-1: Ball 3-1: Ground out 6-3 (Groundball, 6S, EV 83.1 MPH)
|
Batting: LHB Shigeru Ono
|
0-0: Called Strike 0-1: Foul Ball, location: 2F 0-2: Ball 1-2: Ground out 5-3 (Groundball, 5, EV 85.6 MPH)
|
Top of the 3rd over - 0 runs, 0 hits, 0 errors, 1 left on base; Rome 0 - Los Angeles (NYP) 0 |
BOTTOM OF THE 3RD |
Los Angeles (NYP) Dodgers batting - Pitching for Rome Braves : RHP Tony Icamen
|
Batting: RHB Cory Bonham
|
0-0: Ball 1-0: Called Strike 1-1: Ball 2-1: Ball 3-1: Foul Ball, location: 2F 3-2: Base on Balls
|
Batting: RHB Yok-sing Zhào
|
0-0: Called Strike 0-1: Called Strike 0-2: Strikes out swinging
|
Batting: SHB Erick Hamburger
|
0-0: Called Strike 0-1: Foul Ball, location: 2F 0-2: Ball 1-2: Ball 2-2: Fly out, F2 (Popup, 2R, EV 93.1 MPH)
|
Batting: RHB Chris Graham
|
0-0: Ball 1-0: 2-RUN HOME RUN (Line Drive, 7D, EV 98.1 MPH), Distance : 407 ft
|
Batting: LHB Conor Bailey
|
0-0: SINGLE (Groundball, 6MD, EV 104.4 MPH)
|
Batting: LHB Randy Stapleton
|
0-0: Ball 1-0: Ball 2-0: Called Strike 2-1: Foul Ball, location: 2F 2-2: Strikes out swinging
|
Bottom of the 3rd over - 2 runs, 2 hits, 0 errors, 1 left on base; Rome 0 - Los Angeles (NYP) 2 |
TOP OF THE 4TH |
Rome Braves batting - Pitching for Los Angeles (NYP) Dodgers : LHP Cao-Ky Trieu
|
Batting: RHB Mike Velazquez
|
0-0: Ball 1-0: Called Strike 1-1: Reached on error, E6 (Groundball, 6, EV 87.5 MPH)
|
Batting: RHB Manny Hensley
|
0-0: Ball 1-0: Foul Ball, location: 2F 1-1: Grounds into double play, 5-4-3 (Groundball, 5, EV 91.9 MPH)
|
Batting: LHB Diego Garcia
|
0-0: Ball 1-0: Ground out 5-3 (Groundball, 5, EV 88.1 MPH)
|
Top of the 4th over - 0 runs, 0 hits, 1 error, 0 left on base; Rome 0 - Los Angeles (NYP) 2 |
BOTTOM OF THE 4TH |
Los Angeles (NYP) Dodgers batting - Pitching for Rome Braves : RHP Tony Icamen
|
Batting: SHB Marcos Cortez
|
0-0: Ball 1-0: Foul Ball, location: 2F 1-1: Ball 2-1: Fly out, F7 (Line Drive, 7, EV 93.8 MPH)
|
Batting: SHB Dave Reynoso
|
0-0: Ball 1-0: Fly out, F8 (Flyball, 78S, EV 91.9 MPH)
|
Batting: RHB Geoff Musico
|
0-0: Ball 1-0: Ball 2-0: Called Strike 2-1: Foul Ball, location: 2F 2-2: Foul Ball, location: 2F 2-2: Strikes out swinging
|
Bottom of the 4th over - 0 runs, 0 hits, 0 errors, 0 left on base; Rome 0 - Los Angeles (NYP) 2 |
TOP OF THE 5TH |
Rome Braves batting - Pitching for Los Angeles (NYP) Dodgers : LHP Cao-Ky Trieu
|
Batting: RHB Yutaka Yamane
|
0-0: DOUBLE (Groundball, 5L, EV 108.8 MPH)
|
Pinch Runner at 2nd Armando Vazquez:
|
|
Batting: LHB Ivan Castillo
|
0-0: Called Strike 0-1: Ground out 6-3 (Groundball, 6MD, EV 96.9 MPH) Armando Vazquez to third
|
Batting: RHB Rodolfo Cosme
|
0-0: Called Strike 0-1: Hit by Pitch
|
Batting: RHB Carlos Livas
|
0-0: Ball 1-0: Called Strike 1-1: Ball 2-1: Foul Ball, location: 2F 2-2: Ball 3-2: Fly out, F8 (Flyball, 8RM, EV 83.1 MPH) Runner from 3rd tags up, SCORES, throw by CF
|
Batting: RHB Dave Pizarro
|
0-0: Foul Ball, location: 2F 0-1: Swinging Strike 0-2: Foul Ball, location: 2F 0-2: Strikes out swinging
|
Top of the 5th over - 1 run, 1 hit, 0 errors, 1 left on base; Rome 1 - Los Angeles (NYP) 2 |
BOTTOM OF THE 5TH |
Los Angeles (NYP) Dodgers batting - Pitching for Rome Braves : RHP Tony Icamen
|
Now in CF: Armando Vazquez
|
|
Batting: RHB Cory Bonham
|
0-0: Ball 1-0: Called Strike 1-1: Ball 2-1: Ball 3-1: Called Strike 3-2: Base on Balls
|
Batting: RHB Yok-sing Zhào
|
0-0: Ball 1-0: Grounds into double play, 6-4-3 (Groundball, 6, EV 105.0 MPH)
|
Batting: SHB Erick Hamburger
|
0-0: Ball 1-0: Ball 2-0: Foul Ball, location: 2F 2-1: Swinging Strike 2-2: Strikes out looking
|
Bottom of the 5th over - 0 runs, 0 hits, 0 errors, 0 left on base; Rome 1 - Los Angeles (NYP) 2 |
TOP OF THE 6TH |
Rome Braves batting - Pitching for Los Angeles (NYP) Dodgers : LHP Cao-Ky Trieu
|
Batting: LHB Shigeru Ono
|
0-0: Ball 1-0: Ball 2-0: Ball 3-0: Base on Balls
|
Batting: RHB Mike Velazquez
|
0-0: Called Strike 0-1: Called Strike 0-2: Ball 1-2: Ball 2-2: Ball 3-2: SINGLE (Line Drive, 78S, EV 95.0 MPH) Shigeru Ono to second
|
Batting: RHB Manny Hensley
|
0-0: Called Strike 0-1: Ball 1-1: Foul Ball, location: 2F 1-2: Fly out, F7 (Flyball, 7S, EV 77.5 MPH) Lined into DP, 7-4 (Flyball, 7S, EV 77.5 MPH)
|
Pitching: RHP Angel Rivas
|
|
Batting: LHB Diego Garcia
|
0-0: Called Strike 0-1: Foul Ball, location: 2F 0-2: Ball 1-2: Ball 2-2: Foul Ball, location: 2F 2-2: Foul Ball, location: 2F 2-2: SINGLE (Line Drive, 8LS, EV 101.9 MPH) Mike Velazquez to second
|
Batting: RHB Armando Vazquez
|
0-0: Called Strike 0-1: Ball 1-1: Ball 2-1: Foul Ball, location: 2F 2-2: Strikes out swinging
|
Top of the 6th over - 0 runs, 2 hits, 0 errors, 2 left on base; Rome 1 - Los Angeles (NYP) 2 |
BOTTOM OF THE 6TH |
Los Angeles (NYP) Dodgers batting - Pitching for Rome Braves : RHP Tony Icamen
|
Batting: RHB Chris Graham
|
0-0: Called Strike 0-1: Foul Ball, location: 2F 0-2: Ball 1-2: Foul Ball, location: 2F 1-2: SOLO HOME RUN (Flyball, 7D, EV 105.0 MPH), Distance : 398 ft
|
Batting: LHB Conor Bailey
|
0-0: Ball 1-0: Fly out, F6 (Line Drive, 6MD, EV 67.5 MPH)
|
Batting: LHB Randy Stapleton
|
0-0: Called Strike 0-1: Ball 1-1: Foul Ball, location: 2F 1-2: Fly out, F8 (Flyball, 8LM, EV 93.8 MPH)
|
Batting: SHB Marcos Cortez
|
0-0: Swinging Strike 0-1: Swinging Strike 0-2: Strikes out swinging
|
Bottom of the 6th over - 1 run, 1 hit, 0 errors, 0 left on base; Rome 1 - Los Angeles (NYP) 3 |
TOP OF THE 7TH |
Rome Braves batting - Pitching for Los Angeles (NYP) Dodgers : RHP Angel Rivas
|
Batting: LHB Ivan Castillo
|
0-0: Ball 1-0: Ball 2-0: Ball 3-0: Called Strike 3-1: Foul Ball, location: 2F 3-2: Strikes out looking
|
Batting: RHB Rodolfo Cosme
|
0-0: Called Strike 0-1: Swinging Strike 0-2: Ball 1-2: Strikes out swinging
|
Batting: RHB Carlos Livas
|
0-0: Ball 1-0: Foul Ball, location: 2F 1-1: Ground out 6-3 (Groundball, 6, EV 88.1 MPH)
|
Top of the 7th over - 0 runs, 0 hits, 0 errors, 0 left on base; Rome 1 - Los Angeles (NYP) 3 |
BOTTOM OF THE 7TH |
Los Angeles (NYP) Dodgers batting - Pitching for Rome Braves : RHP Tony Icamen
|
Batting: SHB Dave Reynoso
|
0-0: Called Strike 0-1: Fly out, F8 (Flyball, 8LM, EV 90.0 MPH)
|
Batting: RHB Geoff Musico
|
0-0: Ball 1-0: Ground out 6-3 (Groundball, 6, EV 106.9 MPH)
|
Batting: RHB Cory Bonham
|
0-0: Ball 1-0: Ball 2-0: Ball 3-0: Called Strike 3-1: Base on Balls
|
Batting: RHB Yok-sing Zhào
|
0-0: Ball 1-0: Ball 2-0: Called Strike 2-1: Foul Ball, location: 2F 2-2: Fly out, F9 (Flyball, 89M, EV 88.1 MPH)
|
Bottom of the 7th over - 0 runs, 0 hits, 0 errors, 1 left on base; Rome 1 - Los Angeles (NYP) 3 |
TOP OF THE 8TH |
Rome Braves batting - Pitching for Los Angeles (NYP) Dodgers : RHP Angel Rivas
|
Pitching: RHP Bobby Altamirano
|
|
Batting: RHB Dave Pizarro
|
0-0: Ball 1-0: Fly out, F8 (Line Drive, 78D, EV 96.9 MPH)
|
Batting: LHB Shigeru Ono
|
0-0: Ball 1-0: Called Strike 1-1: Called Strike 1-2: Fly out, F7 (Flyball, 78S, EV 98.8 MPH)
|
Batting: RHB Mike Velazquez
|
0-0: Ball 1-0: Ball 2-0: Swinging Strike 2-1: Ground out 4-3 (Groundball, 4, EV 88.1 MPH)
|
Top of the 8th over - 0 runs, 0 hits, 0 errors, 0 left on base; Rome 1 - Los Angeles (NYP) 3 |
BOTTOM OF THE 8TH |
Los Angeles (NYP) Dodgers batting - Pitching for Rome Braves : RHP Tony Icamen
|
Batting: SHB Erick Hamburger
|
0-0: Called Strike 0-1: Ball 1-1: Ball 2-1: SINGLE (Groundball, 6MD, EV 108.1 MPH)
|
Pitching: RHP Orlando Mosqueda
|
|
Batting: RHB Chris Graham
|
0-0: Ball Erick Hamburger steals 2nd, throwing error, E2 Erick Hamburger to third 1-0: Foul Ball, location: 2F 1-1: Ball 2-1: Ground out 5-3 (Groundball, 56, EV 91.9 MPH)
|
Batting: LHB Conor Bailey
|
0-0: Swinging Strike 0-1: Ball 1-1: Foul Ball, location: 2F 1-2: Ball 2-2: Ball 3-2: Base on Balls
|
Batting: LHB Randy Stapleton
|
0-0: Ball 1-0: Called Strike 1-1: Swinging Strike 1-2: Fly out, F8 (Line Drive, 89M, EV 98.1 MPH)
|
Batting: SHB Marcos Cortez
|
0-0: Called Strike 0-1: Foul Ball, location: 2F 0-2: Ball 1-2: Ball 2-2: Ball 3-2: Strikes out swinging
|
Bottom of the 8th over - 0 runs, 1 hit, 1 error, 2 left on base; Rome 1 - Los Angeles (NYP) 3 |
TOP OF THE 9TH |
Rome Braves batting - Pitching for Los Angeles (NYP) Dodgers : RHP Bobby Altamirano
|
Pitching: LHP Randy Dupuis
|
|
Batting: RHB Manny Hensley
|
0-0: Ball 1-0: Ball 2-0: Ball 3-0: Base on Balls
|
Pinch Hitting: RHB Tony Cabrera
|
0-0: Ball 1-0: Ball 2-0: Fly out, F3 (Popup, 23F, EV 82.5 MPH)
|
Batting: RHB Armando Vazquez
|
0-0: Fly out, F6 (Line Drive, 6, EV 71.2 MPH)
|
Pinch Hitting: RHB Gebre-Giorgios Wangondu
|
0-0: Ball 1-0: Ball 2-0: Fielders Choice at 2nd, U4 (Groundball, 4M, EV 85.6 MPH)
|
Top of the 9th over - 0 runs, 0 hits, 0 errors, 1 left on base; Rome 1 - Los Angeles (NYP) 3 |
|